 Dungeon Crawl Stone Soup version 0.18-a0-1782-gb76a692 (webtiles) character file.

8385 Zhenya25pyc the Basher (level 11, -4/72 HPs)
             Began as a Gargoyle Fighter on Apr 17, 2016.
             Was an Elder of Makhleb.
             Slain by a hill giant
             ... wielding a +0 giant club
              (30 damage)
             ... on level 11 of the Dungeon.
             The game lasted 00:19:24 (8120 turns).

Zhenya25pyc the Basher (Gargoyle Fighter)           Turns: 8120, Time: 00:19:25

Health: -4/72      AC: 24    Str: 22    XL:     11   Next: 30%
Magic:  11/11      EV:  4    Int:  8    God:    Makhleb [****..]
Gold:   547        SH:  9    Dex:  9    Spells: 0 memorised, 10 levels left

rFire  + . .     SeeInvis .     x - +3 flail of World's End {freeze, +Fly rPois MR+++ Int-2}
rCold  x . .     Gourm    .     o - +0 plate armour
rNeg   + + .     Faith    .     y - +0 shield {rN+}
rPois  ∞         Spirit   .     I - +0 helmet
rElec  +         Dismiss  .     A - +0 cloak
rCorr  .         Reflect  .     (no gloves)
SustAt .         Harm     .     (no boots)
MR     ++++.                    (no amulet)
Stlth  ..........               b - ring of protection from magic
                                N - ring of fire

@: incredibly resistant to hostile enchantments, extremely unstealthy
A: negative energy resistance 1, electricity resistance, unbreathing,
petrification resistance, rot immunity, AC +7
a: Minor Destruction, Lesser Servant of Makhleb, Major Destruction, Renounce
Religion, Evoke Flight


You were on level 11 of the Dungeon.
You worshipped Makhleb.
Makhleb was greatly pleased with you.
You were not hungry.

You visited 2 branches of the dungeon, and saw 12 of its levels.

You collected 547 gold pieces.

Inventory:

Hand Weapons
 e - a +2 great mace of protection
 x - the +3 flail of World's End (weapon) {freeze, +Fly rPois MR+++ Int-2}
   (You found it on level 4 of the Dungeon)

   It has been specially enchanted to freeze those struck by it, causing extra
   injury to most foes and up to half again as much damage against particularly
   susceptible opponents.
   It can also slow down cold-blooded creatures.
   It affects your intelligence (-2).
   It protects you from poison.
   It affects your resistance to hostile enchantments.
   It lets you fly.
 G - a +2 dire flail of pain
Armour
 o - a +0 plate armour (worn)
 y - a +0 shield of positive energy (worn)
 A - a +0 cloak (worn)
 I - a +0 helmet (worn)
Jewellery
 b - a ring of protection from magic (right hand)
 N - a ring of fire (left hand)
Wands
 r - a wand of enslavement (16/24)
 C - a wand of acid (4/15)
 E - a wand of disintegration (16/24)
 M - a wand of iceblast (3/15)
Scrolls
 a - 2 scrolls of random uselessness
 l - 2 scrolls of remove curse
 m - 5 scrolls of teleportation
 n - 3 scrolls of fear
 p - 2 scrolls of amnesia
 s - a scroll of enchant weapon {unknown}
 v - a scroll of noise {unknown}
 z - 2 scrolls of magic mapping {unknown}
 H - a scroll of identify
Potions
 c - a potion of ambrosia {unknown}
 d - 3 potions of might
 g - a potion of magic {unknown}
 h - 4 potions of brilliance
 i - a potion of lignification {unknown}
 k - 2 potions of flight
 q - 2 potions of heal wounds {unknown}
 t - 3 potions of agility
 B - 2 potions of curing {unknown}
 F - a potion of invisibility {unknown}
 K - a potion of berserk rage {unknown}
Comestibles
 f - 6 bread rations
 j - 6 meat rations
 u - 7 fruits
 D - a slice of pizza
 L - 9 royal jellies


   Skills:
 + Level 10.1 Fighting
 * Level 12.1 Maces & Flails
 + Level 9.9 Armour
 - Level 3.2 Shields


You had 10 spell levels left.
You didn't know any spells.

Dungeon Overview and Level Annotations

Branches:
Dungeon (11/15)            Temple (1/1) D:5            Lair (0/8) D:8
    Orc: D:9-12

Altars:
Ashenzari
Cheibriados
Dithmenos
Elyvilon
Fedhas
Gozag
Makhleb
Nemelex Xobeh
Okawaru
Pakellas
Ru
Xom
Zin
The Shining One

Shops:
D:5 *


Innate Abilities, Weirdness & Mutations

You are resistant to torment.
Your stone body is resilient (AC +7).
You are immune to poison.
You resist negative energy.
You are resistant to electric shocks.
You can survive without breathing.
You are immune to petrification.
You are immune to rotting.


Message History

The hill giant is lightly wounded.
You sock the hill giant! You freeze the hill giant.
The hill giant is lightly wounded.
The hill giant hits you but does no damage.
The orc priest invokes the aid of Beogh against you.
Beogh smites you!
An orc priest comes into view.
You completely miss the hill giant.
The hill giant is lightly wounded.
The orc priest looks braver for a moment.
The hill giant hits you but does no damage.
You barely miss the hill giant.
The hill giant is lightly wounded.
The hill giant hits you with a giant club!
You sock the hill giant! You freeze the hill giant.
The hill giant is moderately wounded.
You hit the hill giant. You freeze the hill giant.
The hill giant is heavily wounded.
The hill giant hits you with a giant club!!
You die... ######..# #........ #.# #@# #C# #yo......
Cooo..... oog.......

..o##..."..
.... ......
o....
......
.)....
..##..


You could see a hill giant, a cyclops, an orc warrior, a wasp, 3 orc priests, 2
orcs and a goblin.

Vanquished Creatures
  The ghost of SlenderEnder the Destroyer, a novice DsFE of Nemelex Xobeh (D:8)
  Pikel (D:7)
  The ghost of Zhenya25pyc the Cudgeler, a novice GrFi (D:5)
  A centaur zombie (D:11)
  Psyche (D:8)
  A two-headed ogre (D:10)
  A wraith (D:10)
  Sigmund (D:3)
  4 yaks (D:9)
  A hippogriff (D:8)
  A hungry ghost (D:8)
  2 soldier ants (D:9)
  A warg (D:11)
  Menkaure (D:6)
  Edmund (D:6)
  2 water moccasins (D:10)
  4 orc warriors
  An eye of draining (D:10)
  4 sky beasts
  2 phantoms
  A necrophage (D:6)
  9 ogres
  5 centaurs
  3 giant frogs
  A big kobold (D:8)
  2 scorpions
  6 killer bees (D:9)
  3 wights (D:8)
  6 howler monkeys
  An electric eel (D:9)
  4 crimson imps
  2 hounds
  2 jellies
  2 orc priests
  A centaur skeleton (D:8)
  Crazy Yiuf (D:7)
  Jessica (D:2)
  Ijyb (D:3)
  Terence (D:3)
  2 iguanas
  9 orc wizards
  A worker ant (D:10)
  A killer bee zombie (D:6)
  A worker ant zombie (D:5)
  8 adders
  2 shadow imps
  An adder zombie (D:5)
  An adder skeleton (D:7)
  3 worms
  2 dart slugs (D:1)
  7 giant geckos
  24 orcs
  4 bats
  A giant cockroach (D:5)
  9 goblins
  5 hobgoblins
  23 jackals
  6 quokkas
  A giant gecko skeleton (D:5)
  4 giant newts
  A jackal skeleton (D:5)
  12 kobolds
  A quokka skeleton (D:4)
  2 quokka zombies (D:5)
  5 rats
220 creatures vanquished.

Vanquished Creatures (others)
  A slave (D:7)
  A phantom (D:7)
  An ogre (D:7)
  An orc wizard (D:10)
  An adder skeleton (D:7)
5 creatures vanquished.

Grand Total: 225 creatures vanquished

Notes
Turn   | Place    | Note
--------------------------------------------------------------
     0 | D:1      | Zhenya25pyc the Gargoyle Fighter began the quest for the Orb.
     0 | D:1      | Reached XP level 1. HP: 14/14 MP: 1/1
   228 | D:1      | Reached XP level 2. HP: 14/19 MP: 2/2
   421 | D:1      | Reached XP level 3. HP: 19/23 MP: 3/3
   748 | D:2      | Reached skill level 3 in Maces & Flails
   934 | D:2      | Reached XP level 4. HP: 22/29 MP: 4/4
  1029 | D:2      | Noticed Jessica
  1035 | D:2      | Killed Jessica
  1497 | D:3      | Reached XP level 5. HP: 28/33 MP: 5/5
  1509 | D:3      | Noticed Ijyb
  1528 | D:3      | Reached skill level 4 in Maces & Flails
  1539 | D:3      | Killed Ijyb
  1609 | D:3      | Noticed Terence
  1623 | D:3      | Killed Terence
  1883 | D:3      | Noticed Sigmund
  1904 | D:3      | Killed Sigmund
  1904 | D:3      | Reached skill level 5 in Maces & Flails
  1904 | D:3      | Reached XP level 6. HP: 26/39 MP: 6/6
  2232 | D:3      | Reached skill level 5 in Armour
  2289 | D:4      | Reached skill level 5 in Fighting
  2289 | D:4      | Reached XP level 7. HP: 42/44 MP: 7/7
  2477 | D:4      | Got an ancient flail
  2478 | D:4      | Identified the +3 flail of World's End {freeze, +Fly rPois MR+++ Int-2} (You found it on level 4 of the Dungeon)
  2504 | D:5      | Entered Level 5 of the Dungeon
  2524 | D:5      | Found Gozag's Platinum Reserve.
  2593 | D:5      | Noticed Zhenya25pyc's ghost (novice GrFi)
  2610 | D:5      | Killed Zhenya25pyc's ghost
  2610 | D:5      | Reached skill level 6 in Maces & Flails
  2610 | D:5      | Reached XP level 8. HP: 15/51 MP: 8/8
  2691 | D:5      | Found a staircase to the Ecumenical Temple.
  2961 | Temple   | Entered the Ecumenical Temple
  3000 | Temple   | Became a worshipper of Makhleb the Destroyer
  3133 | D:5      | HP: 2/51 [ogre/giant club (12)]
  3134 | D:5      | Reached skill level 7 in Maces & Flails
  3578 | D:5      | Found an opulent altar of Gozag.
  3915 | D:6      | Noticed Edmund
  3934 | D:6      | Killed Edmund
  4072 | D:6      | Reached skill level 8 in Maces & Flails
  4103 | D:6      | Reached XP level 9. HP: 41/56 MP: 9/9
  4356 | D:6      | Noticed Menkaure
  4362 | D:6      | Killed Menkaure
  4530 | D:7      | Reached * piety under Makhleb
  4605 | D:7      | Noticed Pikel
  4624 | D:7      | Killed Pikel
  4624 | D:7      | Reached skill level 9 in Maces & Flails
  4930 | D:7      | Noticed Crazy Yiuf
  4935 | D:7      | Killed Crazy Yiuf
  5298 | D:8      | Noticed SlenderEnder's ghost (novice DsFE)
  5309 | D:8      | Killed SlenderEnder's ghost
  5309 | D:8      | Reached skill level 10 in Maces & Flails
  5309 | D:8      | Reached XP level 10. HP: 24/64 MP: 10/10
  5343 | D:8      | Paralysed by fainting for 5 turns
  5598 | D:8      | Reached ** piety under Makhleb
  5642 | D:8      | Found a glowing golden altar of the Shining One.
  5743 | D:8      | Found a staircase to the Lair.
  5817 | D:8      | Noticed Psyche
  5833 | D:8      | Killed Psyche
  6293 | D:9      | Reached skill level 11 in Maces & Flails
  6420 | D:9      | Reached *** piety under Makhleb
  7025 | D:9      | Reached XP level 11. HP: 64/72 MP: 11/11
  7029 | D:9      | Reached **** piety under Makhleb
  7135 | D:10     | Entered Level 10 of the Dungeon
  7600 | D:10     | Reached skill level 10 in Fighting
  7800 | D:10     | Reached skill level 12 in Maces & Flails
  8098 | D:11     | Noticed a hill giant
  8106 | D:11     | Noticed a cyclops
  8120 | D:11     | Slain by a hill giant

Vault maps used:
D:1:      lightli_arrival_flooded_house
D:2:      uniq_jessica
D:3:      uniq_iyjb, uniq_sigmund, uniq_terence
D:4:      first_bread
D:5:      nicolae_gozag_zags_fifth_avenue, minmay_temple_entry_statues,
          minmay_misc_feat_iff
D:6:      uniq_edmund, uniq_menkaure
D:7:      uniq_pikel, uniq_crazy_yiuf_cottage
D:8:      tso_metal_star, lair_0_dummy, uniq_psyche
D:9:      nicolae_water_bricks, hangedman_pestilent_swarm,
          kennysheep_windowed_goal
D:10:     hex_large
D:11:     erik_orc_4, hangedman_abyss_or_decor_stagger, minivault_16
Temple:   grunt_circular_temple_18

Skill      XL: |  1  2  3  4  5  6  7  8  9 10 11 |
---------------+----------------------------------+-----
Maces & Flails | 3 5 6 8 10 11 12 | 12.1
Armour         | 4 5 7 8 9 |  9.9
Fighting       | 4 5 6 8 9 10 | 10.1
Shields        | |  3.2

Action                   |  1- 3 |  4- 6 |  7- 9 | 10-12 || total
-------------------------+-------+-------+-------+-------++-------
Melee: Flail             |   207 |   217 |   257 |   429 ||  1110
  Use: Potion            |       |       |     2 |       ||     2
       Scroll            |       |       |       |     8 ||     8
  Eat: Chunk             |     1 |     4 |    10 |    12 ||    27
       Fruit             |       |       |     1 |       ||     1
Armor: Scale mail        |   107 |       |       |       ||   107
       Plate armour      |    52 |   229 |   161 |   282 ||   724
Dodge: Dodged            |    81 |    40 |    41 |    63 ||   225
Block: Shield            |   158 |   121 |   117 |   164 ||   560
